 Dungeon Crawl Stone Soup version 0.30-a0-782-ge64f9170bb (webtiles) character file.

Game seed: 14392236683401484748

32 IndexError the Shooter (level 3, -3/22 HPs)
             Began as a Gargoyle Hunter on Mar 1, 2023.
             Killed by divine providence
             ... invoked by an orc priest
              (14 damage)
             ... on level 2 of the Dungeon.
             The game lasted 00:01:14 (895 turns).

IndexError the Shooter (Gargoyle Hunter)             Turns: 895, Time: 00:01:15

Health: -3/22      AC:  6    Str: 14    XL:     3   Next: 27%
Magic:  0/3        EV: 11    Int:  9    God:
Gold:   26         SH:  0    Dex: 15    Spells: 2/2 levels left

rFire   . . .      SeeInvis .    a - +0 shortbow
rCold   . . .      Faith    .    (shield currently unavailable)
rNeg    + . .      Spirit   +    c - +0 leather armour
rPois   ∞          Reflect  .    (no helmet)
rElec   +          Harm     .    (no cloak)
rCorr   .          Rampage  .    (no gloves)
Will    .....                    (no boots)
Stlth   ++                       o - amulet of guardian spirit {Spirit}
HPRegen 0.23/turn                (no ring)
MPRegen 0.08/turn                (no ring)

@: no status effects
A: sickness immunity, AC +3, negative energy resistance 1, electricity
resistance, torment resistance 1, petrification resistance
a: no special abilities


You were on level 2 of the Dungeon.
You visited 1 branch of the dungeon, and saw 2 of its levels.

You collected 26 gold pieces.

Inventory:

Hand Weapons
 a - a +0 shortbow (weapon)
Armour
 c - a +0 leather armour (worn)
 g - a +0 scale mail
   (You found it on level 1 of the Dungeon)
 h - a +0 leather armour
   (You found it on level 1 of the Dungeon)
 j - a +0 leather armour
   (You found it on level 1 of the Dungeon)
 m - a +0 leather armour
   (You found it on level 1 of the Dungeon)
 n - a +0 leather armour
   (You found it on level 1 of the Dungeon)
Jewellery
 o - an amulet of guardian spirit (around neck) {Spirit}
   (You found it on level 1 of the Dungeon)
Scrolls
 b - 2 scrolls of immolation {!r}
 i - a scroll of identify {unknown}
 k - a scroll of magic mapping {unknown}
 l - a scroll of teleportation {unknown}
Potions
 d - a potion of degeneration {unknown}
 e - 2 potions of heal wounds {unknown}
 f - 2 potions of curing {unknown}


   Skills:
 + Level 2.8 Fighting
 * Level 4.7 Ranged Weapons
 - Level 1.5 Dodging
 - Level 1.1 Stealth


You had 2 spell levels left.
You didn't know any spells.
Your spell library contained the following spells:

 Spells                   Type           Power      Damage    Failure   Level
 Lesser Beckoning         Tloc           0%         N/A       61%         2
 Gell's Gravitas          Tloc           0%         N/A       83%         3
 Teleport Other           Tloc           0%         N/A       83%         3


Dungeon Overview and Level Annotations

Branches:
Dungeon (2/15)

Altars:


Innate Abilities, Weirdness & Mutations

You are immune to sickness and miasma.
Your stone body is resilient. (AC +3)
You are immune to poison.
You resist negative energy. (rN+)
You are resistant to electric shocks. (rElec)
You are resistant to unholy torment.
You are immune to petrification.


Message History

Found an escape hatch in the floor.
No target in view!
Found a stone staircase leading down.
e - 2 clear potions (gained 1)
There is an escape hatch in the floor here.
You open the door.
There is an open door here.
There is an open door here.
You see here a giant cockroach corpse.
You see here a ball python corpse.
A kobold comes into view. It is wielding a +0 short sword.
You shoot an arrow. The arrow hits the kobold!
No target in view!
No target in view!
Things that are here:
a +0 short sword; 2 stones
Found a stone staircase leading down.
A kobold comes into view. It is wielding a +0 short sword.
You shoot an arrow. The arrow barely misses the kobold.
You shoot an arrow. The arrow barely misses the kobold.
You shoot an arrow. The arrow hits the kobold.
You have reached level 3!
Your experience leads to an increase in your attributes!
Increase (s)trength, (i)ntelligence, or (d)exterity?
You feel agile. x2
Health restored: 22; MP restored: 3
m - a +0 leather armour;
n - a +0 leather armour You see here a +0 short sword.
There is a stone staircase leading down here.
o - an amulet of guardian spirit {Spirit} You start putting on your amulet.
You continue putting on your amulet of guardian spirit {Spirit}. x5
You finish putting on your amulet of guardian spirit {Spirit}.
You feel your power drawn to a protective spirit.
o - an amulet of guardian spirit (around neck) {Spirit} You open the door.
An endoplasm comes into view.
An endoplasm is nearby!
You shoot an arrow.
The arrow completely misses the endoplasm.
The endoplasm quivers.
You shoot an arrow. The arrow hits the endoplasm.
No target in view!
No target in view!
There is an open door here.
There is an open door here.
Done exploring.
Done exploring.
No target in view!
No target in view!
No target in view!
Done exploring.
You open the door.
There is an open door here.
There is an open door here.
There is an escape hatch in the floor here.
There is a stone staircase leading down here.
You climb downwards.
There is a stone staircase leading up here.
Spoiler Alert: The orc priest (asleep) can smite you!
You shoot an arrow. The arrow hits the dart slug.
The orc priest shouts!
You hear a shout!
An orc comes into view. It is wielding a +0 whip.
You shoot an arrow. The orc shouts!
The arrow hits the dart slug.
You hear a shout!
You shoot an arrow. The arrow hits the dart slug.
Spoiler Alert: The orc priest can smite you!
You shoot an arrow. The arrow hits the orc.
An orc comes into view. It is wielding a +0 flail.
You shoot an arrow. The arrow hits the orc!
The orc priest invokes the aid of Beogh against you.
Pain shoots through your body!
An orc wizard comes into view. It is wielding a +0 dagger.
Warning x2: The orc wizard might cast Slow, Confuse, Throw Flame, Throw Frost, or go Invisible!
The orc priest can smite you!
You take 2 damage, and have 20/22 hp.
You shoot an arrow. The arrow hits the orc!
You shoot an arrow. The arrow hits the orc priest.
The orc priest looks braver for a moment.
Warning x2: The orc wizard might cast Slow, Confuse, Throw Flame, Throw Frost, or go Invisible!
The orc priest can smite you!
You shoot an arrow. The arrow hits the orc priest.
Warning x2: The orc wizard might cast Slow, Confuse, Throw Flame, Throw Frost, or go Invisible!
The orc priest can smite you!
You shoot an arrow. The arrow barely misses the orc priest.
The orc priest invokes the aid of Beogh against you.
Beogh smites you!
Ouch! That really hurt!
Warning x2: The orc wizard might cast Slow, Confuse, Throw Flame, Throw Frost, or go Invisible!
The orc priest can smite you!
You take 10 damage, and have 11/22 hp.
MASSIVE DAMAGE!!
You now have 2/3 mp.
You are too injured to fight recklessly!
Warning x2: The orc wizard might cast Slow, Confuse, Throw Flame, Throw Frost, or go Invisible!
The orc priest can smite you!
Fire: a) +0 shortbow
Press: ? - help, Q - select action Shift-Dir - straight line, f/p - orc priest
Aim: an orc priest, wielding a +0 hand axe (severely wounded, 62% to hit)
You shoot an arrow.
The arrow closely misses the orc priest.
The orc priest calls down the wrath of Beogh upon you.
Beogh smites you!
Ouch! That really hurt!
You die...

.... ... ##
#.. . #..
#.#.# # #.#.#
.## #.†.#...#
#..@....#
.......)..#.#
..#....o.##
#....o.#
#..###o# #..
.# #. .. #.
.#


You could see an orc priest, an orc wizard and an orc.

Vanquished Creatures
  2 dart slugs
  2 orcs (D:2)
  A ball python (D:1)
  An endoplasm (D:1)
  4 giant cockroaches (D:1)
  3 goblins (D:1)
  3 hobgoblins (D:1)
  A quokka (D:1)
  3 bats (D:1)
  2 kobolds (D:1)
  A rat (D:1)
23 creatures vanquished.

Notes
Turn   | Place    | Note
-------+----------+-------------------------------------------
     0 | D:1      | IndexError the Gargoyle Hunter began the quest for the Orb.
     0 | D:1      | Reached XP level 1. HP: 12/12 MP: 1/1
   164 | D:1      | Reached XP level 2. HP: 18/18 MP: 2/2
   749 | D:1      | Reached XP level 3. HP: 22/22 MP: 3/3
   895 | D:2      | Killed from afar by an orc priest

Illustrated notes

Levels and vault maps discovered:
D:1:      minmay_arrival_diagonal_passages, layout_loops_corners, minivault_19
D:2:      layout_basic, dreamdust_ecumenical_altar_hidden_monk_grotto,
          minmay_heptomino_l4, uniq_jessica

Action                     || total
---------------------------++-------
   Fire: Shortbow          ||    67
 Armour: Leather armour    ||     9
  Dodge: Dodged            ||    17

Table legend: (Time is in decaauts)
 A = Elapsed time spent in this place.
 B = Non-inter-level travel time spent in this place.
 C = Inter-level travel time spent in this place.
 D = Time resting spent in this place.
 E = Time spent auto-exploring this place.
 F = Levels seen in this place.
 G = Mean time per level.
                   A        B        C        D        E       F      G
               +--------+--------+--------+--------+--------+-----+--------+
         Total |    915 |    873 |     42 |      0 |    750 |   2 |  457.5 |
       Dungeon |    915 |    873 |     42 |      0 |    750 |   2 |  457.5 |
               +--------+--------+--------+--------+--------+-----+--------+

Top non-repeatable levels by time:
     D:1: 903 daAuts
     D:2: 12 daAuts

Table legend:
 A = Kills in this place as a percentage of kills in entire the game.
 B = Kills by you in this place as a percentage of kills by you in the entire game.
 C = Kills by friends in this place as a percentage of kills by friends in the entire game.
 D = Other kills in this place as a percentage of other kills in the entire game.
 E = Experience gained in this place as a percentage of experience gained in the entire game.
 F = Experience gained in this place divided by the number of levels of this place that you have seen.
                   A       B       C       D       E      F
               +-------+-------+-------+-------+-------+----------------------
         Total | 100.0 | 100.0 |   N/A |   N/A | 100.0 |  23.5
       Dungeon | 100.0 | 100.0 |   N/A |   N/A | 100.0 |  23.5
               +-------+-------+-------+-------+-------+----------------------
